AoeStats
← kaysko

Arabia

509309409Analyzed
1v1 RM · 6d ago on Sep 26, 2026· 60m 31s· 2 players
Game mode
Random Map
Map size
Tiny (2 player)
Population
200
Speed
Normal
Resources
Standard
Victory
Conquest
Starting age
Dark Age
Ending age
Imperial Age
RankedLock teamsTeams togetherTeam positionsShared explorationLock speedFull tech treeHidden civsTurbo modeCheats
Victory
Defeat
🇳🇿 Maya · New Zealand
743
+15
🇪🇸 Portuguese · Spain
722
-15
Nagar20
5:25 Loom
11:52 Feudal Age
14:01 Horse Collar
17:26 Castle Age
15:47 Gold Mining
16:49 Padded Archer Armor
17:14 Fletching
17:46 Crossbowman
20:44 Bodkin Arrow
22:33 Thumb Ring
25:27 Double-Bit Axe
56:56 Elite Skirmisher
kaysko
9:05 Loom
10:52 Feudal Age
12:28 Double-Bit Axe
12:27 Horse Collar
16:33 Wheelbarrow
19:15 Castle Age
17:23 Fletching
19:16 Padded Archer Armor
20:12 Town Watch
20:43 Hand Cart
20:51 Thumb Ring
21:06 Bow Saw
21:32 Crossbowman
27:37 Ballistics
28:54 Bodkin Arrow
29:07 Gold Mining
54:03 Stone Mining
62:41 Imperial Age
Connection lost

Rejoining the realm…

Still unreachable

The connection could not be restored.

Session expired

The server has moved on; the page needs a fresh start.